Description

Stop producing workers at 22-23. Stop at 3 tanks, only hellions from then on.

Replay - 1 base hellbat-tank

Build Order

Get SALT Encoding   

  12  0:02  SCV  
  13  0:14  SCV  
  14  0:21  Supply Depot  
  14  0:26  SCV  
  15  0:33  Refinery  
  15  0:43  SCV  
  15  0:46  Barracks  
  16  0:55  SCV  
  17  1:07  SCV  
  18  1:15  Supply Depot  
  18  1:19  SCV  
  19  1:31  SCV, Refinery  
  20  1:37  Factory  
  20  1:40  Marine  
  20  1:43  SCV  
  22  1:56  Orbital Command  
  22  2:14  Barracks Tech Lab  
  22  2:23  Factory  
  22  2:29  Factory  
  22  2:33  SCV  
  23  2:50  Barracks Reactor  
  25  2:59  Supply Depot  
  25  3:00  Siege Tank  
  28  3:08  Hellion  
  30  3:18  Infernal Pre-Igniter  
  30  3:21  Hellion  
  30  3:24  Supply Depot  
  32  3:43  Factory Tech Lab  
  32  3:49  Hellion x2  
  36  3:56  Siege Tank, Supply Depot  
  39  4:09  Siege Tank  
  42  4:11  Hellion x2  
  46  4:28  Hellion  
  48  4:36  Armory  
  48  4:41  Hellion x3  
Spawning Tool Build Advisor. Get it on Overwolf

Go to:

Details

  • Created by: rederoin
  • Published on: Jul 11, 2020
  • Modified on: Jul 11, 2020
  • Patch: 4.11.0
  • Difficulty: Medium
Show
View Real Time Build Order
Export as new Build Order

Comments (0)

There are no comments. Be the first!

Create an account to comment!